 Dungeon Crawl Stone Soup version 0.19.3-4-gbf9329e (webtiles) character file.

67 galech the Skirmisher (level 4, -2/49 HPs)
             Began as an Ogre Fighter on Jan 30, 2017.
             Slain by Ijyb
             ... wielding a +0 dagger
              (4 damage)
             ... on level 3 of the Dungeon.
             The game lasted 00:03:41 (1747 turns).

galech the Skirmisher (Ogre Fighter)                Turns: 1747, Time: 00:03:42

Health: -2/49      AC:  6    Str: 22    XL:     4   Next: 18%
Magic:  4/4        EV:  8    Int:  7    God:
Gold:   67         SH:  8    Dex:  9    Spells: 0 memorised, 3 levels left

rFire  + + .     SeeInvis .     a - +0 flail
rCold  . . .     Gourm    .     b - +0 robe
rNeg   . . .     Faith    .     c - +0 shield
rPois  +         Spirit   .     (helmet restricted)
rElec  +         Reflect  .     (no cloak)
rCorr  +         Harm     .     (gloves unavailable)
MR     .....                    (boots unavailable)
Stlth  +.........               (no amulet)
                                q - ring of fire
                                l - +3 ring of protection

@: resistant, flying
A: unfitting armour, tough skin 1
a: no special abilities


You were on level 3 of the Dungeon.
You were not hungry.

You visited 1 branch of the dungeon, and saw 3 of its levels.

You collected 67 gold pieces.

Inventory:

Hand Weapons
 a - a +0 flail (weapon)
Armour
 b - a +0 robe (worn)
 c - a +0 shield (worn)
Jewellery
 l - a +3 ring of protection (left hand)
 q - a ring of fire (right hand)
Scrolls
 e - 2 scrolls of identify {unknown}
 i - a scroll of magic mapping {unknown}
 j - 2 scrolls of teleportation {unknown}
 m - a scroll of noise {unknown}
 n - 3 scrolls of remove curse {unknown}
 o - a scroll of blinking {unknown}
 s - a scroll of fear {unknown}
 t - a scroll of random uselessness {unknown}
Potions
 d - 2 potions of might
 r - a potion of agility {unknown}
 u - a potion of lignification {unknown}
Comestibles
 f - 3 bread rations
 g - 10 chunks of flesh
 p - 3 fruits


   Skills:
 + Level 4.5 Fighting
 + Level 4.0 Maces & Flails
 + Level 3.0 Dodging
 + Level 0.7 Stealth
 + Level 3.1 Shields


You had 3 spell levels left.
You didn't know any spells.

Dungeon Overview and Level Annotations

Branches:
Dungeon (3/15)

Altars:
Ashenzari
Dithmenos
Gozag
Hepliaklqana
Okawaru
Ru
Xom
Yredelemnul

Annotations:
D:3 Ijyb


Innate Abilities, Weirdness & Mutations

You are too large for most types of armour.
You have tough skin. (AC +1)


Message History

You block the orc's attack. Ijyb hits you but does no damage.
The orc hits you with a morningstar.
* * * LOW HITPOINT WARNING * * *
You closely miss Ijyb.
Ijyb is almost dead.
Ijyb hits you but does no damage. The orc barely misses you.
You closely miss Ijyb.
Ijyb is almost dead.
Ijyb closely misses you. You block the orc's attack.
You closely miss Ijyb.
Ijyb is almost dead.
Ijyb hits you but does no damage. x2; The orc hits you with a morningstar.
* * * LOW HITPOINT WARNING * * *
It was a potion of flight.
You feel very buoyant.
You fly up into the air.
Ijyb closely misses you. You block the orc's attack.
It was a potion of resistance.
You feel protected. Ijyb hits you with a dagger.
You die...

# ########## #
#........# # #........#
###........#
...........####+#####
.............>#(#...
...........##'#.#.#####.
...........#............
...........#....@#####
.))........#....og......
.()#+#######.....#######
...#.# ##.....
...#.##### #######
##........
#.#.###########
#.#.#.........#
#.#.#.........#


You could see Ijyb and an orc.

Vanquished Creatures
  An ooze (D:2)
  An adder skeleton (D:3)
  2 dart slugs (D:2)
  3 worms
  A leopard gecko (D:2)
  2 ball pythons
  3 bats
  2 giant cockroaches
  6 goblins
  5 hobgoblins
  4 jackals (D:2)
  2 frilled lizards (D:2)
  6 kobolds
  8 rats
46 creatures vanquished.

Notes
Turn   | Place    | Note
-------+----------+-------------------------------------------
     0 | D:1      | galech the Ogre Fighter began the quest for the Orb.
     0 | D:1      | Reached XP level 1. HP: 24/24 MP: 1/1
   162 | D:1      | Reached XP level 2. HP: 31/32 MP: 2/2
   634 | D:2      | Found a shadowy altar of Dithmenos.
   634 | D:2      | Found a basalt altar of Yredelemnul.
   636 | D:2      | Found a shimmering altar of Xom.
   637 | D:2      | Found a hazy altar of Hepliaklqana.
   637 | D:2      | Found an opulent altar of Gozag.
   637 | D:2      | Found a sacrificial altar of Ru.
   637 | D:2      | Found an iron altar of Okawaru.
   657 | D:2      | Found a faded altar of an unknown god.
   734 | D:2      | Reached XP level 3. HP: 38/40 MP: 3/3
  1001 | D:2      | Found a shattered altar of Ashenzari.
  1516 | D:3      | Reached XP level 4. HP: 46/49 MP: 4/4
  1718 | D:3      | Noticed Ijyb
  1745 | D:3      | HP: 1/49 [orc/morningstar (4)]
  1747 | D:3      | Slain by Ijyb

Skill      XL: |  1  2  3  4 |
---------------+-------------+-----
Maces & Flails | 3 4 |  4.0
Shields        | 3 |  3.1
Dodging        | 3 |  3.0
Fighting       | |  4.5
Stealth        | |  0.7

Action                   |  1- 3 |  4- 6 || total
-------------------------+-------+-------++-------
Melee: Flail             |   118 |    51 ||   169
  Use: Potion            |       |     2 ||     2
 Stab: Sleeping          |     1 |       ||     1
  Eat: Chunk             |     2 |     1 ||     3
Armor: Robe              |    27 |    17 ||    44
Dodge: Dodged            |    45 |    24 ||    69
Block: Shield            |    57 |    29 ||    86
